 Dungeon Crawl Stone Soup version 0.30-a0-465-g8901f6c8b5 (webtiles) character file.

Game seed: 10464881803499720624

72 spardeous the Caller (level 4, 18/18 HPs)
             Began as a Felid Summoner on Dec 18, 2022.
             Got out of the dungeon alive.
             The game lasted 00:07:47 (3165 turns).

spardeous the Caller (Felid Summoner)               Turns: 3165, Time: 00:07:48

Health: 18/18      AC:  1    Str:  4    XL:     4   Next: 7%
Magic:  8/8        EV: 19    Int: 18    God:
Gold:   132        SH:  0    Dex: 16    Spells: 0/7 levels left
                                        Lives:  0   Deaths: 1

rFire   . . .      SeeInvis +    (weapon unavailable)
rCold   . . .      Faith    .    (shield unavailable)
rNeg    . . .      Spirit   .    (body armour unavailable)
rPois   +          Reflect  .    (helmet unavailable)
rElec   .          Harm     .    (cloak unavailable)
rCorr   .          Rampage  .    (gloves unavailable)
Will    .....                    (boots unavailable)
Stlth   ++........               (no amulet)
HPRegen 0.23/turn                q - ring of wizardry
MPRegen 0.11/turn                r - ring of poison resistance

@: quick
A: very small, claws 1, fangs 3, see invisible, speed 1, shaggy fur 1, stealthy
paws, no weapons or thrown items, no armour, multi-lived
a: no special abilities


You escaped.
You visited 1 branch of the dungeon, and saw 3 of its levels.

You collected 132 gold pieces.

Inventory:

Jewellery
 q - a ring of wizardry (left paw)
 r - a ring of poison resistance (right paw)
Scrolls
 b - 4 scrolls of identify {unknown}
 d - 2 scrolls of enchant armour {unknown}
 e - a scroll of vulnerability {unknown}
 g - 2 scrolls of teleportation {unknown}
 i - a scroll of fear {unknown}
 m - a scroll of immolation {unknown}
 n - a scroll of amnesia {unknown}
 p - a scroll of noise {unknown}
Potions
 a - a potion of magic
 c - a potion of degeneration {unknown}
 f - a potion of haste
 h - 2 potions of lignification {unknown}
 j - a potion of curing {unknown}
 k - a potion of mutation {unknown}
 l - a potion of flight {unknown}
 o - a potion of heal wounds {unknown}


   Skills:
 + Level 5.1 Dodging
 - Level 2.6 Stealth
 - Level 2.0 Spellcasting
 + Level 5.2 Summonings


You couldn't memorise any spells.
You knew the following spells:

 Your Spells              Type           Power      Damage    Failure   Level
a - Summon Small Mammal   Summ           80%        N/A       1%          1
b - Call Canine Familiar  Summ           20%        N/A       2%          3
c - Summon Guardian Gole  Hex/Summ       11%        N/A       8%          3

Your spell library contained the following spells:

 Spells                   Type           Power      Damage    Failure   Level
 Call Imp                 Summ           20%        N/A       1%          2
 Sandblast                Erth           2%         2d4       8%          1
 Passwall                 Tmut/Erth      0%         N/A       11%         2
 Stone Arrow              Conj/Erth      2%         3d7       21%         3
 Summon Lightning Spire   Summ/Air       11%        N/A       24%         4


Dungeon Overview and Level Annotations

Branches:
Dungeon (3/15)

Altars:
Trog

Annotations:
D:3 Sigmund


Innate Abilities, Weirdness & Mutations

You have sharp claws.
You have razor-sharp teeth.
You have supernaturally acute eyesight. (SInv)
You cover ground quickly. (Speed+)
You are covered in fur. (AC +1)
Your paws help you pounce on unaware monsters.
You are incapable of wielding weapons or throwing items.
You cannot wear armour.
You gain extra lives every three experience levels.


Message History

The ball python grabs your hound. The ball python constricts your hound.
Things that are here:
a ball python corpse; the felid corpse of spardeous The ball python loses its grip on your hound.
Your hound disappears in a puff of smoke!
Casting: Call Canine Familiar (quite dangerous; 2% risk of failure)
Confirm with . or Enter, or press ? or * to list all spells.
The spell is quite dangerous to miscast (2% risk of failure)!
Continue anyway?
Your hound bites the ball python.
The ball python dies!
(D) Dungeon
Where to? (Enter - D:3, ? - help)
A dart slug is nearby!
(D) Dungeon
Where to? (Enter - D:2, ? - help)
A dart slug is nearby!
(D) Dungeon
Where to? (Enter - D:2, ? - help)
A dart slug is nearby!
There is a stone staircase leading up here.
You can't go down here!
You climb upwards.
Your summoned ally is left behind.
There is a stone staircase leading down here.
(D) Dungeon
Where to? (Enter - D:2, ? - help)
There is a stone staircase leading up here.
You climb upwards.
There is a stone staircase leading down here.
(D) Dungeon
Where to? (Enter - D:1, ? - help)
Okay, then.
Magic restored.
There is an open door here.
There is an open door here.
There is a staircase leading out of the dungeon here.
Are you sure you want to leave the Dungeon?
This will make you lose the game!
Alright, then stay!
There is a staircase leading out of the dungeon here.
Are you sure you want to leave the Dungeon?
This will make you lose the game!
You have escaped!

....#.# #.###.##.## ######.#
....#.#####.###.##.# #.#
...................# #.#
.#..#.#####.######## #..
.#..#.......# ###
....################## ##.##
###...#....## #.# ##...........##
## ##.#######...#..@..#...## #.
#......##...###...###...## #.
#..#####...## ##### ##...#######.
#....##...## #...# ##...##|†##.
#..(##...######.#.######...##.##.
....#..#........#........#..#.###
#...#.##.#..###.#.##...#.##.#....
#..##.#..###.#..#.##.###..#.#.###
#...#.......................#.#


There were no monsters in sight!

Vanquished Creatures
  2 bats (D:1)
  A hobgoblin (D:1)
  2 jackals (D:1)
  2 kobolds (D:1)
  A rat (D:3)
8 creatures vanquished.

Vanquished Creatures (collateral kills)
  2 adders (D:2)
  A worm (D:2)
  A dart slug (D:3)
  4 orcs (D:3)
  4 endoplasms
  8 goblins
  7 hobgoblins
  2 jackals (D:1)
  4 quokkas
  9 ball pythons
  5 bats
  2 frilled lizards
  5 kobolds
  4 rats
58 creatures vanquished.

Vanquished Creatures (others)
  Ijyb (D:3)
1 creature vanquished.

Grand Total: 67 creatures vanquished

Notes
Turn   | Place    | Note
-------+----------+-------------------------------------------
     0 | D:1      | spardeous the Felid Summoner began the quest for the Orb.
     0 | D:1      | Reached XP level 1. HP: 7/7 MP: 4/4
   417 | D:1      | Reached XP level 2. HP: 11/11 MP: 1/6
  1213 | D:1      | Reached XP level 3. HP: 10/14 MP: 5/7
  1389 | D:1      | Learned a level 3 spell: Call Canine Familiar
  1903 | D:2      | Found a faded altar of an unknown god.
  2058 | D:2      | Found a bloodstained altar of Trog.
  2545 | D:2      | Reached XP level 4. HP: 18/18 MP: 3/8
  2839 | D:3      | Noticed Sigmund
  2898 | D:3      | Reached skill level 5 in Summonings
  3006 | D:3      | Noticed Ijyb
  3014 | D:3      | Learned a level 3 spell: Summon Guardian Golem
  3029 | D:3      | Killed by an exploding themself... ignited by their inner
                  | flame
  3030 | D:3      | Reached XP level 3. HP: -21/14 MP: 6/7
  3030 | D:3      | Killed Ijyb
  3031 | D:3      | Reached skill level 5 in Dodging
  3031 | D:3      | Reached XP level 4. HP: 18/18 MP: 8/8
  3165 | D:$      | Got out of the dungeon alive.

Illustrated notes

Levels and vault maps discovered:
D:1:      dpeg_chamrin_arrival_tetris, layout_loops_corners, minmay_pentomino_p2
D:2:      layout_loops_ring, hellmonk_ecumenical_altar_run_dry, basic_altar,
          kennysheep_crisscross
D:3:      layout_basic, marbit_many_paths, mainiacjoe_overflow_paths,
          gammafunk_ghost_icy, uniq_sigmund, uniq_ijyb

Skill      XL: |  1  2  3  4 |
---------------+-------------+-----
Dodging        | 3 5 |  5.1
Summonings     | 5 |  5.2
Stealth        | |  2.6
Spellcasting   | |  2.0

Action                   |  1- 3 |  4- 6 || total
-------------------------+-------+-------++-------
Melee: Unarmed           |    41 |     2 ||    43
       Bite              |     2 |       ||     2
 Cast: Summon Small Mamm |    74 |     3 ||    77
       Call Canine Famil |    16 |     5 ||    21
       Summon Guardian G |       |     1 ||     1
Armor: Skin              |     6 |       ||     6
Dodge: Dodged            |    59 |    11 ||    70

Table legend: (Time is in decaauts)
 A = Elapsed time spent in this place.
 B = Non-inter-level travel time spent in this place.
 C = Inter-level travel time spent in this place.
 D = Time resting spent in this place.
 E = Time spent auto-exploring this place.
 F = Levels seen in this place.
 G = Mean time per level.
                   A        B        C        D        E       F      G
               +--------+--------+--------+--------+--------+-----+--------+
         Total |   2799 |   2661 |    138 |     18 |   1856 |   3 |  933.0 |
       Dungeon |   2799 |   2661 |    138 |     18 |   1856 |   3 |  933.0 |
               +--------+--------+--------+--------+--------+-----+--------+

Top non-repeatable levels by time:
     D:1: 1752 daAuts
     D:2: 836 daAuts
     D:3: 210 daAuts
